Map: Catallena LE (Void)

Players

Juxtapose

  • Race: Zerg Zerg
  • League: Gold
  • Spawn Location: 5:00

SuhDude - Winner!

  • Race: Terran Terran
  • League: Silver
  • Spawn Location: 12:00

VOD

https://youtu.be/3D2RJllSgTs

Description

I'm extremely disappointing with myself, as in this match I seem to have forgotten all that I learned yesterday.

I didn't properly secure early resources, I didn't tech properly, and I let the match be dictated by an opponent who was playing very basic.

Time

  • Played on: Nov. 5, 2017, 1:49 p.m.
  • Length: 15:05
Show
View Real Time Build Order
Export as new Build Order

Juxtapose Zerg 

Build Orders: Hatch First 

Get SALT Encoding   

  12  0:01  Drone  
  13  0:09  Drone  
  14  0:17  Overlord  
  14  0:37  Drone x2  
  16  0:52  Hatchery  
  16  0:54  Drone  
  16  0:59  Drone  
  17  1:04  Overlord  
  17  1:10  Extractor  
  16  1:21  Spawning Pool  
  15  1:28  Drone x2  
  17  1:36  Drone  
  18  1:46  Drone  
  19  1:56  Drone  
  20  2:05  Drone  
  20  2:06  Drone  
  22  2:09  Queen  
  22  2:11  Metabolic Boost  
  22  2:15  Drone  
  25  2:29  Zergling x2  
  27  2:30  Zergling x4  
  28  2:40  Drone x2  
  28  2:42  Queen  
  32  2:55  Lair  
  32  3:01  Roach Warren  
  32  3:02  Drone  
  32  3:14  Overlord  
  32  3:16  Drone x4  
  36  3:32  Queen  
  38  3:39  Drone x4  
  38  3:40  Drone x2  
  44  3:49  Extractor  
  43  3:58  Drone  
  44  4:16  Infestation Pit  
  42  4:23  Overlord x2  
  42  4:25  Overlord x2  
  42  4:31  Extractor  
  41  4:46  Roach x7  
  41  4:47  Overlord x2, Roach  
  41  4:49  Roach  
  59  5:02  Evolution Chamber  
  59  5:03  Queen  
  60  5:15  Drone x4  
  60  5:16  Drone x4  
  68  5:31  Overseer x3  
  68  5:39  Burrow  
  68  5:46  Roach x5  
  78  5:54  Pathogen Glands  
  78  5:58  Extractor  
  77  6:14  Ravager x2  
  79  6:27  Ravager  
  79  6:28  Zergling x6  
  79  6:29  Zergling x2  
  79  6:30  Overlord  
  79  6:31  Overlord x2  
  84  6:50  Infestor x2  
  85  7:19  Roach x4  
  85  7:20  Infestor  
  85  7:21  Roach x3  
  87  7:59  Roach x2  
  87  8:00  Zergling x6, Roach x5  
  87  8:01  Zergling x8  
  88  8:20  Infestor x2  
  88  8:23  Zerg Ground Armor Level 1  
  60  9:09  Infestor  
  52  9:11  Infestor  
  52  9:22  Roach x4  
  52  9:23  Roach x7  
  52  9:24  Roach  
  76  9:29  Hatchery  
  76  9:30  Glial Reconstitution  
  75  9:36  Neural Parasite  
  75  9:53  Ravager  
  75  9:54  Ravager x2  
  75  9:55  Zergling x4  
  75  9:56  Zergling x14  
  87  10:15  Roach x2  
  87  10:16  Overlord  
  87  10:21  Overseer x3  
  91  10:48  Tunneling Claws  
  91  10:49  Drone x7  
  99  10:50  Drone x3  
  62  11:50  Roach x2  
  62  11:51  Roach x4  
  62  11:52  Overlord  
  62  11:53  Overlord x5  
  74  12:13  Zergling x2  
  74  12:14  Zergling x12  
  66  12:40  Roach x5  
  66  12:41  Zergling x8, Roach x2  
  84  13:09  Infestor  
  86  13:25  Overseer x2  
  41  14:02  Roach x7  
  52  14:03  Zergling x12, Roach x2  
  52  14:04  Zergling x6  
  60  14:13  Overseer x3  
  41  14:36  Roach  
  41  14:37  Roach x5  
Show
View Real Time Build Order
Export as new Build Order

SuhDude Terran - Winner!

Build Orders:  

Get SALT Encoding   

  12  0:01  SCV  
  13  0:13  SCV  
  14  0:17  Supply Depot  
  14  0:26  SCV  
  15  0:40  Barracks  
  15  0:43  SCV, Barracks  
  16  0:56  SCV  
  17  1:01  Supply Depot  
  17  1:04  Refinery  
  17  1:08  SCV  
  18  1:20  SCV  
  18  1:21  Barracks  
  19  1:33  Marine  
  19  1:38  Barracks  
  20  1:43  SCV  
  21  1:55  SCV, Marine  
  23  2:08  Marine  
  23  2:15  Marine, Refinery  
  25  2:26  Marine  
  26  2:33  Marine  
  26  2:37  Marine  
  27  2:39  Command Center  
  27  2:40  SCV  
  29  2:50  Marine  
  30  2:51  Marine  
  31  3:02  Supply Depot  
  31  3:15  Barracks Reactor x2  
  31  3:21  Barracks Tech Lab  
  31  3:23  SCV  
  32  3:27  Supply Depot  
  32  3:35  SCV  
  32  3:38  Factory  
  33  3:42  Factory  
  33  3:50  SCV  
  33  3:55  SCV  
  35  4:01  Marine  
  35  4:02  SCV  
  37  4:03  Marine  
  37  4:05  Marine  
  37  4:08  Marine  
  40  4:14  SCV  
  41  4:23  SCV  
  42  4:26  SCV  
  42  4:27  Factory Tech Lab  
  42  4:30  Factory Tech Lab  
  43  4:35  SCV  
  45  4:38  SCV  
  45  4:39  Bunker  
  45  4:44  Supply Depot  
  45  4:46  Marine  
  45  4:47  SCV  
  45  4:49  Marine  
  45  4:50  Marine  
  45  4:52  Marine  
  50  4:59  SCV  
  51  5:13  SCV x2  
  53  5:16  Siege Tank x2  
  59  5:22  Stimpack  
  59  5:25  SCV x2  
  61  5:31  Ghost Academy  
  61  5:37  Supply Depot  
  61  5:40  Supply Depot  
  61  5:41  Supply Depot  
  59  5:47  SCV  
  59  5:51  Refinery  
  59  5:57  Marine x3  
  59  5:58  Marine  
  59  6:00  SCV  
  59  6:02  Personal Cloaking  
  64  6:12  SCV  
  65  6:22  Siege Tank x2  
  71  6:35  Command Center  
  71  6:59  Marine x4  
  75  7:07  Engineering Bay  
  75  7:17  Marine x4  
  58  8:00  Siege Tank  
  58  8:01  Marine, Siege Tank  
  58  8:02  Marine x4  
  58  8:04  Nuke  
  54  8:16  Refinery  
  54  8:19  Marine  
  54  8:20  Marine x4  
  54  8:21  Terran Infantry Weapons Level 1  
  54  8:24  Engineering Bay  
  58  8:30  Sensor Tower  
  58  8:31  Sensor Tower  
  58  8:37  Marine x2  
  58  8:38  Marine  
  59  9:01  Siege Tank  
  59  9:02  Siege Tank  
  59  9:03  Marine x4  
  59  9:04  Ghost  
  60  9:20  Marine  
  60  9:21  Marine x3  
  60  9:24  SCV  
  65  9:31  Terran Infantry Armor Level 1  
  65  9:33  Ghost  
  65  9:34  Siege Tank x2  
  65  9:36  SCV  
  65  9:37  Starport  
  74  9:38  Marine  
  75  9:46  Starport  
  75  9:48  SCV x2  
  77  9:56  Marine x3  
  77  9:57  Marine  
  81  10:00  SCV x2  
  83  10:09  Command Center  
  83  10:12  SCV x2, Refinery  
  83  10:13  Marine  
  83  10:14  Marine x2  
  88  10:26  Starport Tech Lab x2  
  88  10:31  Marine x2  
  88  10:32  SCV, Refinery  
  89  11:25  Raven  
  89  11:26  Raven  
  91  11:46  Marine x4  
  93  11:47  Ghost  
  95  11:56  SCV  
  95  11:58  SCV  
  97  12:01  Refinery  
  97  12:04  Marine x4  
  101  12:08  SCV  
  101  12:10  SCV  
  103  12:16  Marine  
  103  12:21  SCV  
  103  12:22  SCV, Marine x4  
  91  12:33  Ghost, SCV  
  91  12:34  SCV  
  94  12:39  Marine  
  94  12:40  Marine  
  96  12:45  SCV  
  96  12:46  SCV  
  98  13:03  Marauder  
  100  13:14  Marine x3  
  100  13:15  Marine  
  100  13:16  Siege Tank  
  107  13:24  Marauder  
  109  13:32  Marine x4  
  102  13:45  Marine  
  102  13:48  Siege Tank  
  101  13:50  Marine x4  
  105  14:03  Marine  
  105  14:08  Marine x4  
  108  14:18  Orbital Command  
  108  14:20  Siege Tank x2  
  108  14:21  Marine  
  108  14:23  Command Center  
  115  14:25  Marine  
  115  14:27  Marine  
  115  14:28  Marine  
Tags
 
Add a new tag
Caveats
  • Supply blocks, unpowered buildings, or Contaminate may cause inaccurate times.
  • Supply counts are checked every 10 seconds.